 Dungeon Crawl Stone Soup version 0.22.1-2-g9c5b331 (webtiles) character file.

1956 Harpaggios the Transmogrifier (level 9, -3/62 HPs)
             Began as a Merfolk Transmuter on Dec 30, 2018.
             Was a Follower of Sif Muna.
             Slain by a water moccasin zombie (6 damage)
             ... on level 8 of the Dungeon.
             The game lasted 00:32:07 (8151 turns).

Harpaggios the Transmogrifier (Merfolk Transmuter)  Turns: 8151, Time: 00:32:08

Health: -3/62      AC:  4    Str: 11    XL:     9   Next: 19%
Magic:  12/12      EV: 14    Int: 17    God:    Sif Muna [*.....]
Gold:   300        SH:  0    Dex: 14    Spells: 1/12 levels left

rFire    . . .     SeeInvis .     - Unarmed
rCold    + . .     Gourm    .   (no shield)
rNeg     . . .     Faith    .   o - +2 robe of the Tundras {Int+2}
rPois    .         Spirit   .   (helmet restricted)
rElec    .         Reflect  .   l - scarf {cloud immunity}
rCorr    +         Harm     .   (no gloves)
MR       .....     Rnd*Tele +   (no boots)
Stlth    +.........             (no amulet)
HPRegen  0.20/turn              c - ring of resist corrosion
MPRegen  0.13/turn              k - ring of protection from cold

@: heavily drained
A: change form in water, swift swim, stealthy swim, horns 1, frail 1,
teleportitis 1, wild magic 1
a: Divine Energy, Renounce Religion


You were on level 8 of the Dungeon.
You worshipped Sif Muna.
Sif Muna was aware of your devotion.
You were not hungry.

You visited 2 branches of the dungeon, and saw 9 of its levels.
You also visited: Sewer.

You collected 431 gold pieces.
You spent 131 gold pieces at shops.

Inventory:

Missiles
 a - 78 arrows
Armour
 l - a scarf of cloud immunity (worn)
 o - the +2 robe of the Tundras (worn) {Int+2}
   (You bought it in a shop on level 6 of the Dungeon)

   It affects your intelligence (+2).
 p - the +1 ring mail of Bitidem {+Blink rF- Dex+2 Slay+3}
   (You took it off an orc on level 4 of the Dungeon)

   It affects your dexterity (+2).
   It affects your accuracy and damage with ranged weapons and melee attacks
   (+3).
   It makes you vulnerable to fire.
   It lets you blink.
Jewellery
 c - a ring of resist corrosion (left hand)
 k - a ring of protection from cold (right hand)
Wands
 u - a wand of iceblast (7)
 v - a wand of digging (12)
Scrolls
 e - 2 scrolls of identify
 f - 2 scrolls of enchant weapon
 h - 3 scrolls of remove curse
 m - 3 scrolls of amnesia
 n - 4 scrolls of fear
 q - 2 scrolls of teleportation
 w - 2 scrolls of magic mapping
Potions
 g - 2 potions of lignification
 i - 2 potions of brilliance
 j - a potion of curing
 s - a potion of invisibility
 t - a potion of flight
Miscellaneous
 r - a crystal ball of energy
Comestibles
 d - 16 rations
 x - 3 chunks of flesh


   Skills:
 + Level 6.0(4.5) Fighting
 - Level 6.0(4.6) Dodging
 + Level 6.8(5.3) Unarmed Combat
 - Level 2.0(0.7) Spellcasting
 * Level 10.3(8.7) Transmutations


You had one spell level left.
You knew the following spells:

 Your Spells              Type           Power        Failure   Level  Hunger
a - Beastly Appendage     Tmut           #####.       1%          1    ##.....
b - Sticks to Snakes      Tmut           #####...     1%          2    ###....
c - Spider Form           Tmut/Pois      ###.......   16%         3    ####...
d - Blade Hands           Tmut           #####.....   24%         5    ######.

Your spell library contained the following spells:

 Spells                   Type           Power        Failure   Level  Hunger
 Magic Dart               Conj           #...         30%         1    ##.....
 Blink                    Tloc           N/A          41%         2    ###....
 Call Imp                 Summ           #.......     41%         2    ###....
 Slow                     Hex            #.......     41%         2    ###....
 Ice Form                 Ice/Tmut       ###.....     45%         4    #####..
 Conjure Flame            Conj/Fire      #.......     63%         3    ####...
 Mephitic Cloud           Conj/Pois/Air  #.......     63%         3    ####...
 Bolt of Magma            Conj/Fire/Erth #.........   100%        5    ######.
 Iskenderun's Battlesphe  Conj/Chrm      #.......     100%        5    ######.
 Venom Bolt               Conj/Pois      #.........   100%        5    ######.
 Iron Shot                Conj/Erth      #.........   100%        6    #######
 Orb of Destruction       Conj           #.........   100%        7    #######
 Spellforged Servitor     Conj/Summ      #.........   100%        7    #######


Dungeon Overview and Level Annotations

Branches:
Dungeon (8/15)             Temple (1/1) D:5
   Lair: D:8-11

Altars:
Ashenzari
Dithmenos
Elyvilon
Fedhas
Kikubaaqudgha
Okawaru
Ru
Sif Muna
Vehumet
Wu Jian
Yredelemnul

Shops:
D:6 [


Innate Abilities, Weirdness & Mutations

You revert to your normal form in water.
You are very nimble and swift while swimming.
You are very stealthy in the water. (Stealth+)
You have a pair of small horns on your head.
You are frail. (-10% HP)
You are occasionally teleported next to monsters.
Your spells are a little harder to cast, but a little more powerful.


Message History

Your base Fighting skill increases to level 6!
You hit the water moccasin zombie.
The water moccasin zombie is lightly damaged.
The water moccasin zombie closely misses you.
You hit the water moccasin zombie.
Your headbutt misses the water moccasin zombie.
The water moccasin zombie is moderately damaged.
The water moccasin zombie misses you.
You hit the water moccasin zombie but do no damage.
Your headbutt misses the water moccasin zombie.
The water moccasin zombie is moderately damaged.
The water moccasin zombie bites you but does no damage.
The water moccasin zombie misses you.
You punch the water moccasin zombie! You headbutt the water moccasin zombie.
The water moccasin zombie is heavily damaged.
The water moccasin zombie barely misses you.
You punch the water moccasin zombie!
The water moccasin zombie is severely damaged.
The water moccasin zombie bites you.
You die...

'.........'.....#................
#.........####.###.#########....#
##.......####.## #.## ##.#.#
##.....## #.## #.# ####.# ##...##
##.## #.## #....# # ##+##
##.###.# #.#### ## #.# ##.#.# #.#
.## #.###### ##.# #.####
#.###.#..... #@# #..... .###....#
#Z# #.#### ##......# ..# #.#
#.###...###.# .### ##.#### #.#
#.......##. #...##.
..###.#.###### #...... ##....#.#
#...### ####.#.# ##.#### #.#..
#.....


You could see a water moccasin zombie.

Vanquished Creatures
  Sigmund (D:3)
  Edmund (D:6)
  2 ice beasts
  A phantom (D:8)
  A sky beast (D:7)
  An ogre (D:6)
  A crocodile (Sewer)
  2 bullfrogs
  2 scorpions (D:4)
  4 wights
  2 howler monkeys (D:4)
  A centaur zombie (D:7)
  A bullfrog skeleton (D:5)
  3 orc priests
  6 orc wizards
  Terence (D:2)
  3 worker ants
  2 hound zombies
  2 hound skeletons
  9 adders
  2 oozes
  An adder skeleton (D:6)
  3 dart slugs
  22 orcs
  2 giant cockroaches
  9 goblins
  4 hobgoblins
  9 jackals
  12 kobolds
  3 quokkas
  2 ball pythons (D:1)
  3 bats
  4 frilled lizards
  7 rats
129 creatures vanquished.

Vanquished Creatures (collateral kills)
  A hippogriff (D:7)
  4 wights (D:6)
  A worm (D:2)
  2 orcs (D:7)
  A ball python (D:6)
  A rat (D:3)
10 creatures vanquished.

Vanquished Creatures (others)
  A hound (D:6)
1 creature vanquished.

Grand Total: 140 creatures vanquished

Notes
Turn   | Place    | Note
-------+----------+-------------------------------------------
     0 | D:1      | Harpaggios the Merfolk Transmuter began the quest for the
                  | Orb.
     0 | D:1      | Reached XP level 1. HP: 15/15 MP: 3/3
   124 | D:1      | Reached skill level 3 in Transmutations
   238 | D:1      | Reached XP level 2. HP: 16/21 MP: 5/5
   245 | D:1      | Learned a level 2 spell: Sticks to Snakes
   805 | D:1      | Reached XP level 3. HP: 26/26 MP: 4/6
   813 | D:1      | Learned a level 3 spell: Spider Form
  1081 | D:2      | Reached skill level 4 in Transmutations
  1081 | D:2      | Reached XP level 4. HP: 24/33 MP: 5/7
  1220 | D:2      | Found a faded altar of an unknown god.
  1572 | D:2      | Noticed Terence
  1594 | D:2      | Killed Terence
  2231 | D:3      | Noticed Sigmund
  2239 | D:3      | Killed Sigmund
  2239 | D:3      | Reached skill level 5 in Transmutations
  2239 | D:3      | Reached XP level 5. HP: 13/39 MP: 0/8
  2623 | D:3      | Reached XP level 6. HP: 39/46 MP: 7/9
  2725 | D:3      | Gained mutation: You tend to lose your temper in combat.
                  | [potion of mutation]
  2725 | D:3      | Gained mutation: You are occasionally teleported next to
                  | monsters. [potion of mutation]
  2725 | D:3      | Gained mutation: You have supernaturally acute eyesight.
                  | (SInv) [potion of mutation]
  3164 | D:4      | Reached skill level 6 in Transmutations
  3176 | D:4      | Got a warped ring mail
  3193 | D:4      | Identified the +1 ring mail of Bitidem {+Blink rF- Dex+2
                  | Slay+3} (You took it off an orc on level 4 of the Dungeon)
  3263 | D:4      | Reached XP level 7. HP: 40/52 MP: 8/10
  3469 | D:4      | Found a shadowy altar of Dithmenos.
  3494 | D:4      | Reached skill level 5 in Dodging
  3743 | D:5      | Entered Level 5 of the Dungeon
  3879 | D:5      | Found a staircase to the Ecumenical Temple.
  4152 | D:5      | Reached skill level 5 in Unarmed Combat
  4152 | D:5      | Reached skill level 7 in Transmutations
  4446 | D:5      | Found a glowing drain.
  4463 | Sewer    | Entered a sewer
  4550 | Sewer    | Lost mutation: You have supernaturally acute eyesight.
                  | (SInv) [potion of mutation]
  4550 | Sewer    | Lost mutation: You tend to lose your temper in combat.
                  | [potion of mutation]
  4550 | Sewer    | Gained mutation: Your spells are a little harder to cast,
                  | but a little more powerful. [potion of mutation]
  4550 | Sewer    | Gained mutation: You are frail. (-10% HP) [potion of
                  | mutation]
  4550 | Sewer    | Gained mutation: You have a pair of large horns on your
                  | head. [potion of mutation]
  4946 | D:5      | Found a shadowy altar of Dithmenos.
  5271 | Temple   | Entered the Ecumenical Temple
  5300 | Temple   | Became a worshipper of Sif Muna the Loreminder
  5339 | D:6      | Noticed Edmund
  5353 | D:6      | Killed Edmund
  5353 | D:6      | Reached XP level 8. HP: 41/54 MP: 7/11
  5414 | D:6      | Reached skill level 8 in Transmutations
  5721 | D:6      | Found Isaegen's Antique Armour Emporium.
  5725 | D:6      | Bought a shadowed robe for 131 gold pieces
  5735 | D:6      | Identified the +2 robe of the Tundras {Int+2} (You bought
                  | it in a shop on level 6 of the Dungeon)
  5742 | D:6      | Learned a level 5 spell: Blade Hands
  6415 | D:7      | Reached skill level 5 in Fighting
  6540 | D:7      | Found a radiant altar of Vehumet.
  6540 | D:7      | Found a sacrificial altar of Ru.
  6542 | D:7      | Noticed a hippogriff
  6555 | D:7      | Killed a hippogriff
  6555 | D:7      | Reached skill level 9 in Transmutations
  6862 | D:7      | Found an ornate altar of the Wu Jian Council.
  6863 | D:7      | Found a white marble altar of Elyvilon.
  7576 | D:8      | Found an ancient bone altar of Kikubaaqudgha.
  7631 | D:8      | Reached XP level 9. HP: 17/61 MP: 12/12
  8035 | D:8      | Reached skill level 10 in Transmutations
  8055 | D:8      | Reached * piety under Sif Muna
  8140 | D:8      | HP: 3/62 [wight/hand axe of freezing (13)]
  8140 | D:8      | HP: 1/62 [wight/hand axe of freezing (2)]
  8151 | D:8      | Slain by a water moccasin zombie

Skill      XL: |  1  2  3  4  5  6  7  8  9 |
---------------+----------------------------+-----
Transmutations | 3 4 5 6 7 9 10 | 10.3
Dodging        | 3 4 5 6 |  6.0
Fighting       | 2 3 4 5 6 |  6.0
Unarmed Combat | 4 5 6 |  6.8
Spellcasting   | |  2.0

Action                   |  1- 3 |  4- 6 |  7- 9 || total
-------------------------+-------+-------+-------++-------
Melee: Unarmed           |    78 |   168 |   322 ||   568
       Headbutt          |    10 |    19 |    45 ||    74
       Punch             |     1 |     1 |     6 ||     8
 Cast: Beastly Appendage |    10 |    14 |     6 ||    30
       Sticks to Snakes  |     1 |     6 |    23 ||    30
  Use: Scroll            |       |     9 |     6 ||    15
       Potion            |       |     5 |     6 ||    11
 Stab: Sleeping          |     3 |     1 |       ||     4
       Distracted        |       |       |     1 ||     1
  Eat: Chunk             |     1 |     8 |    17 ||    26
Armor: Robe              |     6 |    10 |    29 ||    45
       Ring mail         |       |     1 |    32 ||    33
Dodge: Dodged            |    39 |    85 |   163 ||   287
